 Dungeon Crawl Stone Soup version 0.30.0-29-ga12c61a403 (webtiles) character file.

Game seed: 9516148013906673330

47870 qw the Severer (level 14, -6/92 HPs)
             Began as a Gargoyle Fighter on June 4, 2023.
             Was a High Priest of Okawaru.
             Killed by divine providence
             ... invoked by a daeva
              (10 damage)
             ... on level 1 of the Abyss.
             The game lasted 00:09:18 (14064 turns).

qw the Severer (Gargoyle Fighter)                  Turns: 14064, Time: 00:09:18

Health: -6/92      AC: 41    Str: 24    XL:     14   Next: 43%
Magic:  20/21      EV:  9    Int: 10    God:    Okawaru [*****.]
Gold:   498        SH:  6    Dex:  9    Spells: 13/13 levels left

rFire   + . .        Y - +4 war axe (heavy)
rCold   + . .        c - +0 buckler
rNeg    + . .        l - +1 plate armour
rPois   inf          r - +2 helmet
rElec   +            m - +0 cloak {Will+}
rCorr   .            s - +2 pair of gloves
SInv    .            x - +2 pair of boots
Will    ++...        f - amulet of regeneration Stlth
                     u - ring of protection from cold
HPRegen 1.15/turn    k - ring of protection from fire
MPRegen 0.17/turn

%: no passive effects
@: about to teleport, heroic, flying, glowing
A: sickness immunity, AC +10, big wings, negative energy resistance 1,
electricity resistance, torment resistance 1, petrification resistance,
inability to drink after injury 1
a: Renounce Religion, Heroism, Finesse, Duel


You were on level 1 of the Abyss.
You worshipped Okawaru.
Okawaru was extremely pleased with you.
You visited 3 branches of the dungeon, and saw 16 of its levels.
You visited the Abyss 1 time.
You also visited: Ossuary.

You collected 934 gold pieces.
You spent 436 gold pieces at shops.


Innate Abilities, Weirdness & Mutations

You are immune to sickness and miasma.
Your stone body is resilient. (AC +10)
You are immune to poison.
Your large and strong wings let you fly.
You resist negative energy. (rN+)
You are resistant to electric shocks. (rElec)
You are resistant to unholy torment.
You are immune to petrification.
You occasionally lose the ability to drink potions when taking damage.


   Skills:
 - Level 12.0(17.0) Fighting
 - Level 15.0(20.0) Axes
 - Level 5.1(10.1) Throwing
 + Level 11.2(16.2) Armour
 - Level 2.0(7.0) Dodging
 - Level 7.1(12.1) Shields
 - Level 10.0 Invocations


You had 13 spell levels left.
You didn't know any spells.
Your spell library was empty.

Inventory:

Hand Weapons
 p - a +0 flail of protection
 Y - a +4 heavy war axe (weapon)
Missiles
 w - 2 boomerangs
 C - a javelin (quivered)
Armour
 c - a +0 buckler (worn)
 l - a +1 plate armour (worn)
 m - a +0 cloak of willpower (worn)
 r - a +2 helmet (worn)
 s - a +2 pair of gloves (worn)
 x - a +2 pair of boots (worn)
 B - the +3 pair of gauntlets of War {Slay+5}
   (Okawaru gifted it to you on level 10 of the Dungeon)

   Slay:      It affects your accuracy & damage with ranged weapons and melee
   (+5).
 D - a +1 chain mail of cold resistance
Jewellery
 e - a ring of fire
 f - an amulet of regeneration (around neck)
 k - a ring of protection from fire (right hand)
 o - a ring of positive energy
 u - a ring of protection from cold (left hand)
 v - a ring of willpower
 A - a ring of willpower
Wands
 y - a wand of digging (13)
Scrolls
 b - 11 scrolls of identify
 n - 6 scrolls of teleportation
Potions
 a - 3 potions of attraction
 d - 4 potions of might
 g - 3 potions of haste
 h - 3 potions of cancellation
 i - 2 potions of magic
 j - a potion of heal wounds
 q - 2 potions of curing
 t - 2 potions of mutation
 z - a potion of berserk rage {unknown}

Dungeon Overview and Level Annotations

Branches:
Dungeon (10/15)            Temple (1/1) D:6            Lair (5/5) D:9
  Swamp (0/4) Lair:2        Snake (0/4) Lair:3        Slime (0/5) Lair:5
    Orc (0/2) D:9         Ossuary (visited)

Altars:
Ashenzari
Cheibriados
Dithmenos
Elyvilon
Fedhas
Gozag
Hepliaklqana
Kikubaaqudgha
Makhleb
Nemelex Xobeh
Okawaru
Qazlal
Ru
Sif Muna
Trog
Uskayaw
Vehumet
Wu Jian
Xom
Yredelemnul
Zin
The Shining One
Jiyva

Shops:
D:1 *   D:6 ?   D:9 *

Annotations:
D:5 1 runed translucent door, Crazy Yiuf, Pikel
D:10 Sonja


Message History

The daeva barely misses you.
You barely miss the daeva.
The daeva is heavily wounded.
The neqoxec gestures at you.
Strange energies course through your body.
You occasionally lose the ability to drink potions when taking damage.
The daeva calls down the wrath of the Shining One upon you.
The Shining One smites you!
You hit the daeva but do no damage.
The daeva is heavily wounded.
The daeva hits you with a +5 long sword of holy wrath!
You block the daeva's attack.
14060 ||| READING 7 scrolls of teleportation.
As you read the scroll of teleportation, it crumbles to dust.
You feel strangely unstable.
You feel the power of the Abyss delaying your translocation!
The neqoxec gestures at you.
Something tries to feed on your intellect!
The daeva hits you with a +5 long sword of holy wrath.
The daeva hits you with a +5 long sword of holy wrath!
14061 ||| DRINKING 2 potions of heal wounds.
You feel much better. The daeva hits you but does no damage.
You block the daeva's attack.
You hit the daeva but do no damage.
The daeva is heavily wounded.
The daeva calls down the wrath of the Shining One upon you.
The Shining One smites you!
You feel threatened and lose the ability to drink potions!
You slice the daeva!!
The daeva is severely wounded.
The daeva calls down the wrath of the Shining One upon you.
The Shining One smites you! The neqoxec gestures at you.
Something tries to feed on your intellect!
The daeva blocks your attack.
The daeva is heavily wounded.
You can drink potions again.
The daeva calls down the wrath of the Shining One upon you.
The Shining One smites you!
You die...

# #. # #.#
## #.#..#
#.
#....#.###
#..A...#
##@# #..#
#.3# #..##
...# #....
##...
..##. # .


You could see a daeva and a neqoxec.

Vanquished Creatures
  Rupert (Lair:3)
  A reaper (Abyss:1)
  Josephine (D:10)
  Harold (D:9)
  2 catoblepae
  A hydra (Lair:5)
  2 boulder beetles
  A deep troll shaman (Lair:5)
  4 death yaks (Lair:5)
  2 two-headed ogres (D:9)
  Urug (D:10)
  A spatial maelstrom (Abyss:1)
  A bog body (Lair:2)
  A lindwurm (Lair:5)
  A wolf spider (Lair:2)
  4 elephants (Lair:5)
  5 black mambas
  10 cane toads
  A smoke demon (Abyss:1)
  9 komodo dragons
  4 rime drakes
  3 trolls
  5 polar bears
  A hornet (D:8)
  Prince Ribbit (D:8)
  17 blink frogs
  5 wraiths (D:10)
  A shadow (D:10)
  5 wyverns
  59 yaks
  Grum (Lair:1)
  2 large abominations (Abyss:1)
  2 basilisks (Lair:4)
  A spatial vortex (Abyss:1)
  3 steam dragons
  Menkaure (D:5)
  3 wargs (D:9)
  2 nagas (Lair:3)
  9 water moccasins
  4 black bears
  5 ice beasts
  6 orc warriors (D:9)
  6 centaurs
  23 wolves
  6 ogres
  2 phantoms (D:6)
  A kobold brigand (D:9)
  3 gnoll sergeants
  8 scorpions
  16 bullfrogs
  A small abomination (Abyss:1)
  10 killer bees
  5 howler monkeys
  An electric eel (Lair:2)
  2 jellies (Lair:5)
  3 orc priests
  3 gnoll boudas
  3 hounds
  A sleepcap (D:7)
  4 hell rats (Lair:2)
  5 iguanas
  Natasha (thrice) (D:4)
  9 orc wizards
  A mummy (Ossuary)
  7 gnolls
  8 adders
  A shadow imp (D:7)
  A white imp (D:6)
  An ufetubus (Abyss:1)
  2 dart slugs
  38 orcs
  4 spectral bats (Ossuary)
  5 endoplasms
  2 giant cockroaches
  12 gnoll zombies (Ossuary)
  12 goblins
  2 hobgoblins (D:1)
  3 jackals (D:4)
  3 quokkas
  6 ball pythons
  6 bats
  6 bat simulacra (Ossuary)
  2 frilled lizards (D:2)
  3 goblin simulacra (Ossuary)
  5 goblin zombies (Ossuary)
  3 hobgoblin zombies (Ossuary)
  8 kobolds
  5 kobold simulacra (Ossuary)
  6 kobold zombies (Ossuary)
  4 orc zombies (Ossuary)
  6 rats
  2 rat simulacra (Ossuary)
  5 spectral goblins (Ossuary)
  2 spectral kobolds (Ossuary)
  3 spectral rats (Ossuary)
479 creatures vanquished.

Notes
Turn   | Place    | Note
-------+----------+-------------------------------------------
     0 | D:1      | qw the Gargoyle Fighter began the quest for the Orb.
     0 | D:1      | Reached XP level 1. HP: 14/14 MP: 1/1
     0 | D:1      | 0 ||| qw: Version: 0.2-a-107-g4668610
     0 | D:1      | 0 ||| qw: Game counter: 1256
     0 | D:1      | 0 ||| qw: Always use a shield: true
     0 | D:1      | 0 ||| qw: God list: Okawaru
     0 | D:1      | 0 ||| qw: Allow faded altars: false
     0 | D:1      | 0 ||| qw: Do Orc after D:15 true
     0 | D:1      | 0 ||| qw: Do second Lair branch before Depths: true
     0 | D:1      | 0 ||| qw: Lair rune preference: random
     0 | D:1      | 0 ||| qw: Plans: Normal, Zot:1-4, Slime:5, God:TSO, Crypt,
                  | Tomb, Abyss, Pan, Hells, Win
     0 | D:1      | 0 ||| PLANNING D:1-11
    34 | D:1      | 34 ||| Stepping ~*~*~tactically~*~*~ (stealth).
    37 | D:1      | 37 ||| Stepping ~*~*~tactically~*~*~ (stealth).
    40 | D:1      | Reached skill level 2 in Axes
    74 | D:1      | 74 ||| Stepping ~*~*~tactically~*~*~ (stealth).
    81 | D:1      | Reached XP level 2. HP: 19/19 MP: 2/2
   183 | D:1      | Found Uzxotalu's Assorted Antiques.
   206 | D:1      | 206 ||| SHOPLISTING 2 inky potions (46 gold, have 25).
   206 | D:1      | 206 ||| SHOPLISTING glowing morningstar (182 gold, have
                  | 25).
   206 | D:1      | 206 ||| BUYING inky potion (23 gold).
   206 | D:1      | Bought an inky potion for 23 gold pieces
   206 | D:1      | 206 ||| SHOPLISTING scroll labelled IRINIFRYTYSS (26 gold,
                  | have 2).
   206 | D:1      | 206 ||| SHOPLISTING scroll labelled JUAWKYNTIARGH (26 gold,
                  | have 2).
   206 | D:1      | 206 ||| SHOPLISTING scroll labelled SUW NEUNAO (26 gold,
                  | have 2).
   258 | D:1      | 258 ||| Stepping ~*~*~tactically~*~*~ (hiding).
   804 | D:1      | 804 ||| UPGRADING to +0 chain mail.
   814 | D:1      | 814 ||| DROPPING +0 scale mail.
   815 | D:1      | 815 ||| READING 2 scrolls labelled JOFFOJASTRU.
   816 | D:1      | 816 ||| READING scroll labelled NEMNOMN FORAHE.
   817 | D:1      | 817 ||| DROPPING scroll of amnesia.
   843 | D:2      | Reached skill level 3 in Axes
   869 | D:2      | Reached XP level 3. HP: 21/23 MP: 3/3
  1086 | D:2      | Reached XP level 4. HP: 28/28 MP: 4/4
  1128 | D:2      | 1128 ||| Stepping ~*~*~tactically~*~*~ (stealth).
  1130 | D:2      | 1130 ||| Stepping ~*~*~tactically~*~*~ (stealth).
  1339 | D:2      | 1339 ||| Stepping ~*~*~tactically~*~*~ (hiding).
  1472 | D:2      | 1472 ||| READING 3 scrolls labelled IRINIFRYTYSS.
  1473 | D:2      | 1473 ||| READING scroll labelled XICHAO BELAY.
  1474 | D:2      | 1474 ||| READING scroll labelled EGAMIO WOISKAI.
  1475 | D:2      | 1475 ||| READING 2 scrolls of identify.
  1475 | D:2      | 1475 ||| IDENTIFYING grey potion
  1521 | D:3      | Reached skill level 4 in Axes
  1529 | D:3      | 1529 ||| DROPPING +0 club.
  1557 | D:3      | 1557 ||| Stepping ~*~*~tactically~*~*~ (stealth).
  1691 | D:3      | Found a white marble altar of Elyvilon.
  2216 | D:3      | 2216 ||| UPGRADING to ring of willpower.
  2217 | D:3      | 2217 ||| READING scroll labelled ILINAVO UREF.
  2218 | D:3      | 2218 ||| READING scroll labelled SUW NEUNAO.
  2219 | D:3      | 2219 ||| READING 3 scrolls labelled JUAWKYNTIARGH.
  2224 | D:3      | 2224 ||| DRINKING 2 lumpy clear potions.
  2225 | D:3      | 2225 ||| READING 2 scrolls of identify.
  2225 | D:3      | 2225 ||| IDENTIFYING fizzy grey potion
  2226 | D:3      | 2226 ||| DROPPING potion of flight.
  2263 | D:4      | Noticed Natasha
  2268 | D:4      | Killed Natasha
  2269 | D:4      | Reached XP level 5. HP: 28/32 MP: 5/5
  2295 | D:4      | 2295 ||| Stepping ~*~*~tactically~*~*~ (stealth).
  2317 | D:4      | Reached skill level 5 in Axes
  2324 | D:4      | 2324 ||| FLEEEEING.
  2325 | D:4      | 2325 ||| FLEEEEING.
  2326 | D:4      | 2326 ||| FLEEEEING.
  2327 | D:4      | 2327 ||| FLEEEEING.
  2328 | D:4      | 2328 ||| FLEEEEING.
  2329 | D:4      | 2329 ||| FLEEEEING.
  2330 | D:4      | 2330 ||| FLEEEEING.
  2331 | D:4      | 2331 ||| FLEEEEING.
  2332 | D:4      | 2332 ||| FLEEEEING.
  2333 | D:4      | 2333 ||| FLEEEEING.
  2334 | D:4      | 2334 ||| STAIRDANCE
  2366 | D:4      | HP: 6/32 [iguana (10)]
  2367 | D:4      | 2367 ||| READING 2 scrolls of teleportation.
  2370 | D:4      | Noticed an ogre
  2477 | D:4      | 2477 ||| DROPPING +0 whip.
  2488 | D:4      | Reached XP level 6. HP: 38/38 MP: 6/6
  2493 | D:4      | 2493 ||| Stepping ~*~*~tactically~*~*~ (stealth).
  2537 | D:4      | 2537 ||| Stepping ~*~*~tactically~*~*~ (hiding).
  2538 | D:4      | 2538 ||| Stepping ~*~*~tactically~*~*~ (hiding).
  2539 | D:4      | 2539 ||| Stepping ~*~*~tactically~*~*~ (hiding).
  2541 | D:4      | 2541 ||| Stepping ~*~*~tactically~*~*~ (hiding).
  2566 | D:4      | 2566 ||| Stepping ~*~*~tactically~*~*~ (hiding).
  2567 | D:4      | 2567 ||| Stepping ~*~*~tactically~*~*~ (hiding).
  2568 | D:4      | 2568 ||| Stepping ~*~*~tactically~*~*~ (hiding).
  2570 | D:4      | 2570 ||| Stepping ~*~*~tactically~*~*~ (hiding).
  2652 | D:4      | 2652 ||| DROPPING +0 mace of protection.
  2756 | D:4      | Noticed Natasha
  2758 | D:4      | 2758 ||| Stepping ~*~*~tactically~*~*~ (hiding).
  2760 | D:4      | 2760 ||| Stepping ~*~*~tactically~*~*~ (hiding).
  2771 | D:4      | Killed Natasha
  2848 | D:4      | Noticed Natasha
  2849 | D:4      | 2849 ||| Stepping ~*~*~tactically~*~*~ (stealth).
  2856 | D:4      | Killed Natasha
  2857 | D:4      | Reached skill level 6 in Axes
  3047 | D:4      | Reached skill level 1 in Dodging
  3047 | D:4      | Reached XP level 7. HP: 16/43 MP: 7/7
  3150 | D:4      | 3150 ||| UPGRADING to +0 plate armour.
  3160 | D:4      | 3160 ||| DROPPING +0 chain mail.
  3161 | D:4      | 3161 ||| UPGRADING to amulet of regeneration.
  3166 | D:4      | 3166 ||| DROPPING ring of magical power.
  3167 | D:4      | 3167 ||| READING scroll labelled ENOFAH JAIX.
  3196 | D:5      | Entered Level 5 of the Dungeon
  3226 | D:5      | 3226 ||| READING scroll of enchant weapon.
  3226 | D:5      | 3226 ||| ENCHANTING +1 war axe.
  3251 | D:5      | Identified the +6 spear of Ufyrios {antimagic, Str+3}
  3369 | D:5      | 3369 ||| DROPPING +0 heavy mace.
  3414 | D:5      | Found a runed translucent door.
  3414 | D:5      | Noticed Crazy Yiuf
  3415 | D:5      | Noticed Pikel
  3539 | D:5      | Noticed Menkaure
  3540 | D:5      | 3540 ||| Stepping ~*~*~tactically~*~*~ (hiding).
  3541 | D:5      | 3541 ||| Stepping ~*~*~tactically~*~*~ (hiding).
  3543 | D:5      | 3543 ||| Stepping ~*~*~tactically~*~*~ (hiding).
  3553 | D:5      | Killed Menkaure
  3554 | D:5      | Reached skill level 7 in Axes
  3576 | D:5      | 3576 ||| Stepping ~*~*~tactically~*~*~ (stealth).
  3594 | D:5      | 3594 ||| DROPPING +0 flail.
  3664 | D:5      | Reached XP level 8. HP: 47/49 MP: 8/8
  3851 | D:5      | 3851 ||| UPGRADING to ring of protection from fire.
  3852 | D:5      | 3852 ||| READING scroll labelled RANISEYDOPH.
  3853 | D:5      | 3853 ||| READING 2 scrolls of identify.
  3853 | D:5      | 3853 ||| IDENTIFYING golden potion
  3872 | D:6      | 3872 ||| PLANNING OSSUARY
  3887 | D:6      | 3887 ||| Stepping ~*~*~tactically~*~*~ (hiding).
  3888 | D:6      | 3888 ||| Stepping ~*~*~tactically~*~*~ (hiding).
  4016 | D:6      | Found a sand-covered staircase.
  4022 | Ossuary  | Entered an ossuary
  4383 | Ossuary  | 4383 ||| DRINKING 2 fizzy inky potions.
  4384 | Ossuary  | 4384 ||| READING 3 scrolls of identify.
  4384 | Ossuary  | 4384 ||| IDENTIFYING metallic ruby potion
  4385 | Ossuary  | 4385 ||| READING 2 scrolls of identify.
  4385 | Ossuary  | 4385 ||| IDENTIFYING inky potion
  4386 | Ossuary  | 4386 ||| DROPPING potion of degeneration.
  4411 | D:6      | 4411 ||| PLANNING D:1-11
  4471 | D:6      | Reached skill level 8 in Axes
  4556 | D:6      | Found Loazair's Magic Scroll Boutique.
  4572 | D:6      | Reached skill level 6 in Fighting
  4583 | D:6      | 4583 ||| BUYING 3 scrolls of identify (90 gold).
  4583 | D:6      | Bought 3 scrolls of identify for 90 gold pieces
  4583 | D:6      | 4583 ||| BUYING scroll of enchant armour (112 gold).
  4583 | D:6      | Bought a scroll of enchant armour for 112 gold pieces
  4583 | D:6      | 4583 ||| SHOPLISTING scroll of enchant armour (112 gold,
                  | have 85).
  4583 | D:6      | 4583 ||| SHOPLISTING scroll of enchant weapon (112 gold,
                  | have 85).
  4583 | D:6      | 4583 ||| BUYING scroll of identify (30 gold).
  4583 | D:6      | Bought a scroll of identify for 30 gold pieces
  4583 | D:6      | 4583 ||| READING scroll of enchant armour.
  4583 | D:6      | 4583 ||| ENCHANTING +0 plate armour.
  4673 | D:6      | Reached XP level 9. HP: 55/55 MP: 9/9
  4719 | D:6      | Reached skill level 9 in Axes
  4825 | D:6      | Found a staircase to the Ecumenical Temple.
  4827 | D:6      | 4827 ||| PLANNING TEMPLE
  4827 | D:6      | 4827 ||| UPGRADING to +2 pair of gloves.
  4832 | D:6      | 4832 ||| READING scroll labelled MOOTEX KEVUOH.
  4833 | D:6      | 4833 ||| READING 8 scrolls of identify.
  4833 | D:6      | 4833 ||| IDENTIFYING purple potion
  4842 | Temple   | Entered the Ecumenical Temple
  4843 | Temple   | 4843 ||| PLANNING OKAWARU WORSHIP
  4904 | Temple   | Became a worshipper of Warmaster Okawaru
  4904 | Temple   | 4904 ||| PLANNING D:1-11
  5122 | D:6      | Found a glowing silver altar of Zin.
  5244 | D:6      | 5244 ||| READING scroll labelled ROICRI TIOCHIODAA.
  5384 | D:7      | 5384 ||| Stepping ~*~*~tactically~*~*~ (stealth).
  5667 | D:7      | Reached * piety under Okawaru
  5668 | D:7      | Reached skill level 6 in Armour
  5695 | D:7      | Noticed a gargoyle
  5707 | D:7      | 5707 ||| Stepping ~*~*~tactically~*~*~ (stealth).
  5709 | D:7      | 5709 ||| Stepping ~*~*~tactically~*~*~ (stealth).
  5731 | D:7      | 5731 ||| INVOKING Heroism.
  5734 | D:7      | Reached skill level 1 in Invocations
  5744 | D:7      | 5744 ||| INVOKING Heroism.
  6109 | D:7      | 6109 ||| UPGRADING to +0 helmet.
  6191 | D:8      | Noticed a hornet
  6210 | D:8      | Killed a hornet
  6211 | D:8      | Reached skill level 3 in Invocations
  6216 | D:8      | Found a sacrificial altar of Ru.
  6254 | D:8      | Noticed Prince Ribbit
  6255 | D:8      | 6255 ||| INVOKING Heroism.
  6268 | D:8      | 6268 ||| INVOKING Heroism.
  6285 | D:8      | Killed Prince Ribbit
  6286 | D:8      | Reached XP level 10. HP: 63/63 MP: 10/13
  6337 | D:8      | 6337 ||| Stepping ~*~*~tactically~*~*~ (stealth).
  6350 | D:8      | Reached skill level 10 in Axes
  6352 | D:8      | 6352 ||| Stepping ~*~*~tactically~*~*~ (stealth).
  6392 | D:8      | 6392 ||| Stepping ~*~*~tactically~*~*~ (stealth).
  6393 | D:8      | 6393 ||| Stepping ~*~*~tactically~*~*~ (stealth).
  6406 | D:8      | 6406 ||| INVOKING Heroism.
  6520 | D:8      | 6520 ||| UPGRADING to +0 pair of boots.
  6538 | D:8      | Reached ** piety under Okawaru
  6569 | D:8      | 6569 ||| INVOKING Heroism.
  6824 | D:8      | 6824 ||| Stepping ~*~*~tactically~*~*~ (stealth).
  6825 | D:8      | 6825 ||| Stepping ~*~*~tactically~*~*~ (stealth).
  6826 | D:8      | 6826 ||| Stepping ~*~*~tactically~*~*~ (stealth).
  6827 | D:8      | 6827 ||| Stepping ~*~*~tactically~*~*~ (stealth).
  6828 | D:8      | 6828 ||| Stepping ~*~*~tactically~*~*~ (stealth).
  6829 | D:8      | 6829 ||| Stepping ~*~*~tactically~*~*~ (stealth).
  6831 | D:8      | 6831 ||| Stepping ~*~*~tactically~*~*~ (stealth).
  6834 | D:8      | 6834 ||| Stepping ~*~*~tactically~*~*~ (stealth).
  6838 | D:8      | 6838 ||| Stepping ~*~*~tactically~*~*~ (stealth).
  6848 | D:8      | Reached skill level 1 in Throwing
  6882 | D:8      | 6882 ||| UPGRADING to ring of protection from cold.
  6884 | D:8      | 6884 ||| READING scroll labelled ANIVEA UXZASCH.
  6884 | D:8      | Identified a scroll of acquirement
  6884 | D:8      | 6884 ||| ACQUIRING +0 cloak of willpower
  6884 | D:8      | Acquired a +0 cloak of willpower
  6886 | D:8      | 6886 ||| UPGRADING to +0 cloak of willpower.
  7098 | D:9      | 7098 ||| STAIRDANCE
  7163 | D:8      | 7163 ||| Stepping ~*~*~tactically~*~*~ (stealth).
  7166 | D:8      | 7166 ||| Stepping ~*~*~tactically~*~*~ (stealth).
  7181 | D:8      | 7181 ||| READING scroll of enchant weapon.
  7181 | D:8      | 7181 ||| ENCHANTING +2 war axe.
  7207 | D:8      | 7207 ||| Stepping ~*~*~tactically~*~*~ (hiding).
  7213 | D:8      | Reached *** piety under Okawaru
  7363 | D:9      | 7363 ||| INVOKING Heroism.
  7407 | D:9      | Noticed Harold
  7409 | D:9      | 7409 ||| Stepping ~*~*~tactically~*~*~ (hiding).
  7410 | D:9      | 7410 ||| INVOKING Heroism.
  7436 | D:9      | Killed Harold
  7456 | D:9      | Reached skill level 11 in Axes
  7456 | D:9      | Reached XP level 11. HP: 58/68 MP: 14/14
  7456 | D:9      | Noticed a two-headed ogre
  7457 | D:9      | 7457 ||| INVOKING Heroism.
  7474 | D:9      | Killed a two-headed ogre
  7475 | D:9      | Reached skill level 9 in Fighting
  7485 | D:9      | 7485 ||| INVOKING Heroism.
  7640 | D:9      | Noticed a two-headed ogre
  7641 | D:9      | 7641 ||| INVOKING Heroism.
  7647 | D:9      | Killed a two-headed ogre
  7648 | D:9      | Reached skill level 9 in Armour
  7750 | D:9      | Found a staircase to the Lair.
  7772 | D:9      | Found Rewk's General Store.
  7786 | D:9      | 7786 ||| INVOKING Heroism.
  7819 | D:9      | 7819 ||| BUYING +2 pair of boots (181 gold).
  7819 | D:9      | Bought a +2 pair of boots for 181 gold pieces
  7819 | D:9      | 7819 ||| SHOPLISTING +4 ring mail "Darel" {+Blink rC+
                  | Regen+ Dex-5} (379 gold, have 27).
  7819 | D:9      | 7819 ||| SHOPLISTING potion of mutation (88 gold, have 27).
  7819 | D:9      | 7819 ||| SHOPLISTING scroll of enchant armour (82 gold,
                  | have 27).
  7841 | D:9      | Found a staircase to the Orcish Mines.
  7842 | D:9      | 7842 ||| INVOKING Heroism.
  7867 | D:9      | 7867 ||| INVOKING Heroism.
  7870 | D:9      | Reached **** piety under Okawaru
  7884 | D:9      | 7884 ||| INVOKING Heroism.
  8300 | D:9      | 8300 ||| INVOKING Heroism.
  8529 | D:9      | 8529 ||| PLANNING LAIR
  8529 | D:9      | 8529 ||| UPGRADING to +2 pair of boots.
  8539 | D:9      | 8539 ||| DROPPING +0 pair of boots.
  8566 | Lair:1   | Entered Level 1 of the Lair of Beasts
  8623 | Lair:1   | 8623 ||| INVOKING Heroism.
  8677 | Lair:1   | Found the +8 demon blade "Leech" {evervamp, Harm Drain rN+}
  8726 | Lair:1   | 8726 ||| INVOKING Heroism.
  8749 | Lair:1   | 8749 ||| Stepping ~*~*~tactically~*~*~ (stealth).
  8751 | Lair:1   | Noticed Grum
  8757 | Lair:1   | 8757 ||| INVOKING Heroism.
  8760 | Lair:1   | Reached skill level 12 in Axes
  8761 | Lair:1   | Killed Grum
  8763 | Lair:1   | Received a gift from Okawaru
  8812 | Lair:1   | 8812 ||| Stepping ~*~*~tactically~*~*~ (stealth).
  8817 | Lair:1   | 8817 ||| Stepping ~*~*~tactically~*~*~ (stealth).
  8826 | Lair:1   | Reached skill level 6 in Invocations
  8828 | Lair:1   | Reached skill level 6 in Shields
  8843 | Lair:1   | 8843 ||| INVOKING Heroism.
  8849 | Lair:1   | Reached XP level 12. HP: 40/76 MP: 13/16
  9352 | Lair:1   | 9352 ||| READING 10 scrolls of identify.
  9352 | Lair:1   | 9352 ||| IDENTIFYING fizzy ruby potion
  9399 | Lair:2   | 9399 ||| Stepping ~*~*~tactically~*~*~ (stealth).
  9406 | Lair:2   | 9406 ||| INVOKING Heroism.
  9420 | Lair:2   | 9420 ||| INVOKING Heroism.
  9441 | Lair:2   | 9441 ||| Stepping ~*~*~tactically~*~*~ (stealth).
  9448 | Lair:2   | 9448 ||| Stepping ~*~*~tactically~*~*~ (stealth).
  9476 | Lair:2   | 9476 ||| INVOKING Heroism.
  9625 | Lair:2   | 9625 ||| INVOKING Heroism.
  9808 | Lair:2   | Found a staircase to the Swamp.
  9835 | Lair:2   | 9835 ||| READING scroll of enchant armour.
  9835 | Lair:2   | 9835 ||| ENCHANTING +0 helmet.
  9981 | Lair:2   | 9981 ||| INVOKING Heroism.
  9985 | Lair:2   | 9985 ||| Stepping ~*~*~tactically~*~*~ (stealth).
 10026 | Lair:2   | 10026 ||| INVOKING Heroism.
 10410 | Lair:2   | 10410 ||| READING scroll labelled PIJ MAILULA.
 10519 | Lair:3   | 10519 ||| READING scroll of enchant armour.
 10519 | Lair:3   | 10519 ||| ENCHANTING +1 helmet.
 10541 | Lair:3   | Found a staircase to the Snake Pit.
 10559 | Lair:3   | Noticed Rupert
 10560 | Lair:3   | 10560 ||| Stepping ~*~*~tactically~*~*~ (stealth).
 10562 | Lair:3   | 10562 ||| INVOKING Heroism.
 10564 | Lair:3   | Paralysed by Rupert for 5 turns
 10565 | Lair:3   | Reached skill level 9 in Invocations
 10572 | Lair:3   | Paralysed by Rupert for 2 turns
 10574 | Lair:3   | Killed Rupert
 10617 | Lair:3   | Reached ***** piety under Okawaru
 10619 | Lair:3   | 10619 ||| INVOKING Heroism.
 10684 | Lair:3   | 10684 ||| INVOKING Heroism.
 11083 | Lair:3   | 11083 ||| Stepping ~*~*~tactically~*~*~ (stealth).
 11085 | Lair:3   | 11085 ||| INVOKING Heroism.
 11253 | Lair:3   | Reached skill level 13 in Axes
 11253 | Lair:3   | Reached XP level 13. HP: 79/82 MP: 20/20
 11410 | Lair:4   | 11410 ||| INVOKING Heroism.
 11418 | Lair:4   | Reached skill level 3 in Throwing
 11425 | Lair:4   | 11425 ||| INVOKING Finesse.
 11427 | Lair:4   | Received a gift from Okawaru
 11448 | Lair:4   | Received a gift from Okawaru
 11449 | Lair:4   | 11449 ||| INVOKING Finesse.
 11461 | Lair:4   | 11461 ||| INVOKING Heroism.
 12113 | Lair:4   | 12113 ||| READING scroll labelled UKIWA BIEV.
 12224 | Lair:5   | Entered Level 5 of the Lair of Beasts
 12229 | Lair:5   | Received a gift from Okawaru
 12261 | Lair:5   | 12261 ||| INVOKING Heroism.
 12295 | Lair:5   | 12295 ||| Stepping ~*~*~tactically~*~*~ (stealth).
 12296 | Lair:5   | 12296 ||| INVOKING Heroism.
 12302 | Lair:5   | Reached skill level 14 in Axes
 12317 | Lair:5   | 12317 ||| INVOKING Heroism.
 12363 | Lair:5   | 12363 ||| INVOKING Heroism.
 12405 | Lair:5   | 12405 ||| READING scroll of enchant weapon.
 12405 | Lair:5   | 12405 ||| ENCHANTING +3 heavy war axe.
 12472 | Lair:5   | 12472 ||| INVOKING Heroism.
 12501 | Lair:5   | 12501 ||| INVOKING Heroism.
 12531 | Lair:5   | 12531 ||| INVOKING Finesse.
 12592 | Lair:5   | 12592 ||| Stepping ~*~*~tactically~*~*~ (stealth).
 12594 | Lair:5   | 12594 ||| INVOKING Heroism.
 12623 | Lair:5   | 12623 ||| INVOKING Heroism.
 12645 | Lair:5   | 12645 ||| INVOKING Finesse.
 12684 | Lair:5   | Found a staircase to the Slime Pits.
 12684 | Lair:5   | Found a viscous altar of Jiyva.
 12694 | Lair:5   | 12694 ||| Stepping ~*~*~tactically~*~*~ (stealth).
 12695 | Lair:5   | 12695 ||| Stepping ~*~*~tactically~*~*~ (stealth).
 12696 | Lair:5   | 12696 ||| Stepping ~*~*~tactically~*~*~ (stealth).
 12697 | Lair:5   | 12697 ||| INVOKING Heroism.
 12742 | Lair:5   | 12742 ||| Stepping ~*~*~tactically~*~*~ (stealth).
 12744 | Lair:5   | 12744 ||| Stepping ~*~*~tactically~*~*~ (stealth).
 12746 | Lair:5   | 12746 ||| Stepping ~*~*~tactically~*~*~ (stealth).
 12766 | Lair:5   | Gained mutation: Your large and strong wings let you fly.
                  | [Gargoyle growth]
 12766 | Lair:5   | Reached XP level 14. HP: 90/90 MP: 21/21
 12870 | Lair:5   | Received a gift from Okawaru
 12937 | Lair:5   | Reached skill level 15 in Axes
 12981 | Lair:5   | 12981 ||| Stepping ~*~*~tactically~*~*~ (stealth).
 13316 | Lair:5   | 13316 ||| PLANNING D:1-11
 13316 | Lair:5   | 13316 ||| DROPPING amulet of magic regeneration.
 13473 | D:10     | Entered Level 10 of the Dungeon
 13473 | D:10     | Found a blossoming altar of Fedhas.
 13507 | D:10     | Noticed Josephine
 13508 | D:10     | 13508 ||| Stepping ~*~*~tactically~*~*~ (hiding).
 13524 | D:10     | Killed Josephine
 13734 | D:10     | Noticed Urug
 13735 | D:10     | 13735 ||| INVOKING Heroism.
 13736 | D:10     | 13736 ||| INVOKING Finesse.
 13741 | D:10     | Killed Urug
 13741 | D:10     | Received a gift from Okawaru
 13741 | D:10     | Found the +3 pair of gauntlets of War {Slay+5}
 13812 | D:10     | Found a basalt altar of Yredelemnul.
 13813 | D:10     | Found a bloodstained altar of Trog.
 13863 | D:10     | Noticed Sonja
 13864 | D:10     | 13864 ||| Stepping ~*~*~tactically~*~*~ (hiding).
 13865 | D:10     | 13865 ||| Stepping ~*~*~tactically~*~*~ (hiding).
 13868 | D:10     | 13868 ||| INVOKING Finesse.
 13876 | Abyss:1  | Cast into level 1 of the Abyss (Sonja)
 13893 | Abyss:1  | 13893 ||| Stepping ~*~*~tactically~*~*~ (stealth).
 13903 | Abyss:1  | Noticed a reaper
 13920 | Abyss:1  | 13920 ||| INVOKING Heroism.
 13923 | Abyss:1  | Killed a reaper
 13924 | Abyss:1  | Reached skill level 12 in Fighting
 13957 | Abyss:1  | Found a corrupted altar of Lugonu.
 13988 | Abyss:1  | 13988 ||| Stepping ~*~*~tactically~*~*~ (stealth).
 14010 | Abyss:1  | 14010 ||| Stepping ~*~*~tactically~*~*~ (stealth).
 14051 | Abyss:1  | Noticed a daeva
 14055 | Abyss:1  | 14055 ||| INVOKING Heroism.
 14058 | Abyss:1  | Gained mutation: You occasionally lose the ability to drink
                  | potions when taking damage. [a neqoxec]
 14059 | Abyss:1  | HP: 22/92 [daeva/+5 long sword of holy wrath (13)]
 14060 | Abyss:1  | 14060 ||| READING 7 scrolls of teleportation.
 14061 | Abyss:1  | 14061 ||| DRINKING 2 potions of heal wounds.
 14063 | Abyss:1  | HP: 3/92 [daeva/divine providence (16)]
 14064 | Abyss:1  | Killed from afar by a daeva

Levels and vault maps discovered:
D:1:      amcnicky_arrival_abandoned_market, layout_basic, serial_shops, shop
D:2:      layout_rooms, nicolae_hexahallways
D:3:      layout_loops_ring, nicolae_elyvilon_peaceful_grove
D:4:      minmay_angry_zag, layout_cave_pools, minmay_statues_item, uniq_natasha
D:5:      layout_basic, serial_bayou_lagoon_a, minmay_manual_maat,
          uniq_menkaure, uniq_crazy_yiuf_cottage, uniq_pikel
D:6:      layout_gridville, marbit_many_paths, minmay_temple_entry_stoned_glass,
          nicolae_ossuary_entry_plus, kennysheep_small_square
D:7:      minmay_clustersquares, layout_basic
D:8:      layout_loops_cross, mainiacjoe_overflow_brackets, uniq_prince_ribbit1
D:9:      layout_basic, erik_lair_orcish_takeover,
          kennysheep_orc_monster_closet_entryway, serial_shops,
          nicolae_shop_waterfront, uniq_harold
D:10:     layout_roguey, fedhas_altar_3, nicolae_overflow_two_pavilions,
          corexii_hall_statues_i, minmay_mirror_moons_of_madness, uniq_sonja,
          uniq_urug, uniq_josephine
Temple:   nicolae_temple_x_marks_the_god
Lair:1:   layout_roguey, grunt_megastairs_1, uniq_grum
Lair:2:   layout_gridlike, skrybe_swamp_entry_bodies, serial_forest,
          infiniplex_forest_lined_2, infiniplex_forest_clump_small,
          infiniplex_forest_clump_small, infiniplex_forest_fountain,
          infiniplex_forest_clump_diagonal, infiniplex_forest_clump_tiny,
          infiniplex_forest_lined_3_way, nicolae_lair_run_with_the_wolves
Lair:3:   layout_concentric_octagons, guppyfry_snake_entry_garden,
          nicolae_lair_grove_arrangements, serial_bayou_shore_b, uniq_rupert
Lair:4:   layout_loops_ring, grunt_megastairs_2, serial_bayou_shore_b
Lair:5:   grunt_lair_end_beastmaster, layout_loops_ring,
          nicolae_slime_entry_slimehenge, lemuel_fruit_fields
Abyss:1:  base: D:5, spicy_abyss_helpful_harpoons

Skill      XL: |  1  2  3  4  5  6  7  8  9 10 11 12 13 14 |
---------------+-------------------------------------------+-----
Axes           | 2 3 4 5 6 7 8 9 11 12 13 14 15 | 15.0
Fighting       | 4 5 6 7 8 9 10 11 12 | 12.0
Dodging        | 1 2 |  2.0
Armour         | 4 6 8 9 10 11 | 11.2
Shields        | 4 5 6 7 |  7.1
Invocations    | 4 6 10 | 10.0
Throwing       | 1 2 4 5 |  5.1

Action                     |  1- 3 |  4- 6 |  7- 9 | 10-12 | 13-15 || total
---------------------------+-------+-------+-------+-------+-------++-------
  Melee: War axe           |    78 |   134 |   476 |   560 |   282 ||  1530
  Throw: Boomerang         |       |       |     4 |    43 |   118 ||   165
         Javelin           |       |       |       |    18 |    24 ||    42
 Invoke: Heroism           |       |       |     4 |    26 |    14 ||    44
         Finesse           |       |       |       |       |     6 ||     6
    Use: Scroll            |     2 |     9 |    10 |     6 |     3 ||    30
         Potion            |       |     1 |     1 |       |     1 ||     3
   Stab: Petrifying        |       |       |       |       |     5 ||     5
         Petrified         |       |       |       |       |     1 ||     1
 Armour: Chain mail        |    45 |    72 |       |       |       ||   117
         Scale mail        |     6 |       |       |       |       ||     6
         Plate armour      |       |       |   282 |   399 |   224 ||   905
  Dodge: Dodged            |    29 |    45 |   123 |   216 |    87 ||   500
  Block: Buckler           |    14 |    23 |    68 |   156 |    75 ||   336

Table legend:
 A = Non-vault XP
 B = Vault XP
 C = Vault XP percentage of total XP
 D = Non-vault monster count
 E = Vault monster count
 F = Vault count percentage of total count
                 A         B        C        D         E       F
            +---------+---------+-------+---------+---------+-------
      Total |   45048 |   23339 |  34.1 |     310 |     168 |  35.1
            +---------+---------+-------+---------+---------+-------
        D:1 |      28 |       0 |   0.0 |      17 |       0 |   0.0
        D:2 |      69 |       0 |   0.0 |      21 |       0 |   0.0
        D:3 |      38 |       0 |   0.0 |      14 |       0 |   0.0
        D:4 |     277 |     262 |  48.6 |      17 |       4 |  19.0
        D:5 |     578 |     213 |  26.9 |      16 |       4 |  20.0
        D:6 |    1006 |     253 |  20.1 |      20 |       4 |  16.7
        D:7 |     811 |     594 |  42.3 |      17 |      10 |  37.0
        D:8 |    3437 |     264 |   7.1 |      26 |       1 |   3.7
        D:9 |    3053 |    3320 |  52.1 |      19 |      30 |  61.2
       D:10 |    2139 |    2543 |  54.3 |      11 |       6 |  35.3
     Lair:1 |    4061 |    1336 |  24.8 |      20 |       6 |  23.1
     Lair:2 |    3384 |    2442 |  41.9 |      17 |      12 |  41.4
     Lair:3 |    4600 |    2039 |  30.7 |      22 |       3 |  12.0
     Lair:4 |    5728 |    1331 |  18.9 |      14 |       4 |  22.2
     Lair:5 |   13136 |    8647 |  39.7 |      52 |      23 |  30.7
    Abyss:1 |    2703 |       0 |   0.0 |       7 |       0 |   0.0
    Ossuary |       0 |      95 | 100.0 |       0 |      61 | 100.0
            +---------+---------+-------+---------+---------+-------
